 Seeded DCSS version 0.31-a0-507-gbafd7f5274 (webtiles) character file.

Game seed: 8754533315972980733 (custom seed)

5481 bmack86 the Severer (level 10, 0/77 HPs)
             Began as a Minotaur Fighter on Aug 10, 2023.
             Was a Believer of Okawaru.
             Slain by an orc warrior
             ... wielding a +0 glaive
              (3 damage)
             ... while paralysed by a hornet
             ... on level 8 of the Dungeon.
             The game lasted 00:21:51 (7956 turns).

bmack86 the Severer (Minotaur Fighter)              Turns: 7956, Time: 00:21:51

Health: 0/77       AC: 15    Str: 26    XL:     10   Next: 42%
Magic:  13/13      EV:  2    Int:  5    God:    Okawaru [**....]
Gold:   365        SH:  0    Dex:  9    Spells: 9/9 levels left

rFire   . . .        a - +1 war axe (heavy)
rCold   + . .        c - +0 buckler
rNeg    + + .        A - +0 plate armour
rPois   .            (helmet restricted)
rElec   .            m - +0 cloak of the Sky {rC+ rN++}
rCorr   .            t - +0 pair of gloves
SInv    +            j - +0 pair of boots
Will    .....        (no amulet) Stlth
                     M - ring of flight
HPRegen 0.32/turn    N - ring of see invisible
MPRegen 0.13/turn

%: no passive effects
@: paralysed, lethally poisoned (0 -> -26), flying, slowed
A: horns 2, retaliatory headbutt
a: Renounce Religion, Heroism


You were on level 8 of the Dungeon.
You worshipped Okawaru.
Okawaru was pleased with you.
You visited 2 branches of the dungeon, and saw 9 of its levels.

You collected 365 gold pieces.

Inventory:

Hand Weapons
 a - a +1 heavy war axe (weapon)
 g - a +2 hand axe of electrocution
 y - a +2 heavy hand axe
Missiles
 x - 12 boomerangs
 B - 2 throwing nets
 H - 2 curare-tipped darts
Armour
 b - a +0 scale mail
 c - a +0 buckler (worn)
 h - a +0 chain mail
 j - a +0 pair of boots (worn)
 m - the +0 cloak of the Sky (worn) {rC+ rN++}
   (You found it on level 2 of the Dungeon)

   rC+:       It protects you from cold.
   rN++:      It greatly protects you from negative energy.
 t - a +0 pair of gloves (worn)
 A - a +0 plate armour (worn)
Jewellery
 M - a ring of flight (left hand)
 N - a ring of see invisible (right hand)
Wands
 q - a wand of roots (4)
 r - a wand of polymorph (15)
 D - a wand of mindburst (7)
 I - a wand of flame (31) (quivered)
 J - a wand of digging (6)
Scrolls
 n - 3 scrolls of teleportation
 z - a scroll of noise {unknown}
 F - 2 scrolls of fear
 G - a scroll of blinking {unknown}
 K - a scroll of revelation
Potions
 d - a potion of resistance {unknown}
 e - 2 potions of brilliance
 f - a potion of attraction
 i - 2 potions of heal wounds
 k - 2 potions of ambrosia
 l - 2 potions of magic
 p - 2 potions of lignification {unknown}
 s - 2 potions of cancellation {unknown}
 u - 6 potions of curing
 v - a potion of degeneration {unknown}
 w - 2 potions of berserk rage {unknown}
 C - 2 potions of mutation {unknown}
 E - 3 potions of invisibility {unknown}
 L - a potion of haste {unknown}


   Skills:
 - Level 3.6 Fighting
 * Level 17.0 Axes
 - Level 3.6 Armour
 - Level 3.6 Shields
 + Level 5.3 Invocations


You had 9 spell levels left.
You didn't know any spells.
Your spell library contained the following spells:

 Spells                   Type           Power      Damage    Failure   Level
 Freeze                   Ice            0%         1d3       100%        1
 Necrotise                Necr           0%         1d4       100%        1
 Lesser Beckoning         Tloc           0%         N/A       100%        2
 Frozen Ramparts          Ice            0%         1d1       100%        3
 Gell's Gravitas          Tloc           0%         N/A       100%        3
 Hailstorm                Conj/Ice       0%         3d3       100%        3
 Teleport Other           Tloc           0%         N/A       100%        3
 Vampiric Draining        Necr           0%         2d6       100%        3
 Vhi's Electric Charge    Tloc/Air       0%         N/A       100%        3
 Agony                    Necr           0%         N/A       100%        5
 Arcjolt                  Conj/Air       0%         1d10      100%        5
 Plasma Beam              Fire/Air       0%         2x1d10    100%        6


Dungeon Overview and Level Annotations

Branches:
Dungeon (8/15)             Temple (1/1) D:6
   Lair: D:8-11

Altars:
Ashenzari
Cheibriados
Fedhas
Gozag
Hepliaklqana
Kikubaaqudgha
Makhleb
Nemelex Xobeh
Okawaru
Ru
Sif Muna
Trog
Uskayaw
Vehumet
Wu Jian
Xom
Yredelemnul
Zin
The Shining One

Shops:
D:1 ?

Annotations:
D:6 1 runed translucent door
D:7 2 transporters
Temple 2 transporters


Innate Abilities, Weirdness & Mutations

You have a pair of horns on your head.
You reflexively headbutt those who attack you in melee.


Message History

You are more poisoned.
You feel as though you will be slow longer.
The orc warrior hits you with a +0 glaive!
You feel better. The hornet stings you.
You are poisoned.
You feel as though you will be slow longer.
The orc warrior hits you but does no damage.
The hornet stings you.
You are more poisoned.
You feel as though you will be slow longer.
The orc warrior hits you but does no damage.
The hornet stings you.
You are more poisoned.
You feel as though you will be slow longer.
You feel better. The hornet stings you.
You feel as though you will be slow longer.
The orc warrior hits you with a +0 glaive.
The hornet barely misses you.
You slash the hornet!
The hornet is severely wounded.
You closely miss the orc warrior. The hornet stings you!
You are poisoned.
You suddenly lose the ability to move!
The orc warrior hits you with a +0 glaive!
* * * LOW HITPOINT WARNING * * *
The hornet stings you.
* * * LOW HITPOINT WARNING * * *
You feel as though you will be slow longer.
The orc warrior hits you but does no damage.
You feel very sick. The hornet stings you.
* * * LOW HITPOINT WARNING * * *
You are more poisoned.
You feel as though you will be slow longer.
The hornet stings you.
* * * LOW HITPOINT WARNING * * *
You are more poisoned.
You feel as though you will be slow longer.
The orc warrior hits you with a +0 glaive.
You die...

.# #.#.# #..##..... #.# #.#.#
##..#<..... #.# #.#.#
#[#......... #.# #.#.#
#.##.######.. #.#
#.#.#.###.######.. #.#
#.#.#.##.........
#.###J#.#.#.........
#y#o#.#.##........#
##@###.#.#....###.# #########
###########..######+# ........##
##............##......
#........###........##...)#......
#......#.)..........##...)').....
#......####>........##.(..#).....
#......# #.##########....#......
#......# #.# #....#......
#......# #.###### ###.##...P..


You could see a hornet, an orc warrior and a jelly.

Vanquished Creatures
  Pikel (D:5)
  Sigmund (D:3)
  4 yaks (D:8)
  2 steam dragons
  A water moccasin (D:5)
  An ice beast (D:7)
  A black bear (D:7)
  2 orc warriors (D:6)
  6 ogres
  2 phantoms
  5 kobold brigands
  2 bullfrogs (D:6)
  2 necrophages (D:6)
  A gnoll sergeant (D:5)
  A scorpion (D:7)
  9 wights
  4 howler monkeys
  A bullfrog zombie (D:6)
  A centaur zombie (D:6)
  A human zombie (D:6)
  8 hounds
  2 jellies
  A gnoll bouda (D:8)
  2 orc priests (D:3)
  Jessica (D:2)
  3 iguanas
  2 sleepcaps (D:7)
  Natasha (thrice) (D:3)
  8 orc wizards
  2 killer bee zombies (D:6)
  3 mummies (D:6)
  9 adders
  29 gnolls
  A white imp (D:6)
  2 ufetubi
  A worm (D:2)
  2 dart slugs
  39 orcs
  A ball python (D:1)
  4 endoplasms
  4 giant cockroaches
  5 goblins
  5 hobgoblins
  14 jackals
  36 kobolds
  A quokka (D:1)
  7 bats
  4 frilled lizards
  A kobold zombie (D:6)
  7 rats
255 creatures vanquished.

Notes
Turn   | Place    | Note
-------+----------+-------------------------------------------
     0 | D:1      | bmack86 the Minotaur Fighter began the quest for the Orb.
     0 | D:1      | Reached XP level 1. HP: 19/19 MP: 0/0
    84 | D:1      | Reached skill level 3 in Axes
   114 | D:1      | Reached XP level 2. HP: 26/26 MP: 1/1
   323 | D:1      | Reached skill level 4 in Axes
   524 | D:1      | Found Muisk's Magic Scroll Emporium.
   726 | D:2      | Reached XP level 3. HP: 31/31 MP: 2/2
   794 | D:2      | Noticed Jessica
   798 | D:2      | Killed Jessica
   799 | D:2      | Reached skill level 5 in Axes
   824 | D:2      | Reached XP level 4. HP: 39/39 MP: 3/3
   873 | D:2      | Identified the +0 cloak of the Sky {rC+ rN++}
  1515 | D:3      | Found a broken altar of Ashenzari.
  1635 | D:3      | Reached skill level 6 in Axes
  1738 | D:3      | Reached XP level 5. HP: 37/45 MP: 4/4
  1759 | D:3      | Found a burning altar of Makhleb.
  1794 | D:3      | Found a shimmering blue altar of Sif Muna.
  1863 | D:3      | Reached skill level 7 in Axes
  1881 | D:3      | Noticed Natasha
  1893 | D:3      | Killed Natasha
  1918 | D:3      | Found a faded altar of an unknown god.
  2007 | D:3      | Noticed Natasha
  2016 | D:3      | Killed Natasha
  2019 | D:3      | Reached XP level 6. HP: 47/51 MP: 5/5
  2037 | D:3      | Noticed Sigmund
  2055 | D:3      | Killed Sigmund
  2056 | D:3      | Reached skill level 8 in Axes
  2088 | D:3      | Reached skill level 9 in Axes
  2090 | D:3      | Reached XP level 7. HP: 14/57 MP: 6/6
  2487 | D:3      | Reached skill level 10 in Axes
  2637 | D:3      | Noticed Natasha
  2643 | D:3      | Killed Natasha
  2759 | D:3      | Reached skill level 11 in Axes
  3103 | D:4      | Reached XP level 8. HP: 47/64 MP: 7/7
  4039 | D:5      | Entered Level 5 of the Dungeon
  4055 | D:5      | Reached skill level 12 in Axes
  4462 | D:5      | Reached skill level 13 in Axes
  5038 | D:5      | Noticed Pikel
  5056 | D:5      | Killed Pikel
  5057 | D:5      | Reached skill level 14 in Axes
  5057 | D:5      | Reached XP level 9. HP: 39/70 MP: 8/8
  5467 | D:6      | Found a runed translucent door.
  5472 | D:6      | Found a basalt altar of Yredelemnul.
  5512 | D:6      | Found a staircase to the Ecumenical Temple.
  5522 | Temple   | Found a transporter.
  5522 | Temple   | Found a transporter.
  5522 | Temple   | Found a transporter.
  5522 | Temple   | Found a transporter.
  5522 | Temple   | Entered the Ecumenical Temple
  5540 | Temple   | Became a worshipper of Warmaster Okawaru
  5853 | D:6      | Reached skill level 1 in Invocations
  6058 | D:6      | Reached skill level 15 in Axes
  6146 | D:6      | Reached * piety under Okawaru
  6386 | D:6      | Reached skill level 16 in Axes
  6460 | D:6      | Found an ancient bone altar of Kikubaaqudgha.
  6511 | D:6      | Reached ** piety under Okawaru
  6589 | D:7      | Reached XP level 10. HP: 72/77 MP: 12/12
  6617 | D:7      | Found a transporter.
  6620 | D:7      | Found a transporter.
  7474 | D:8      | Reached skill level 5 in Invocations
  7538 | D:8      | Found a hazy altar of Hepliaklqana.
  7563 | D:8      | Reached skill level 17 in Axes
  7949 | D:8      | Paralysed by a hornet for 3 turns
  7955 | D:8      | Paralysed by a hornet for 3 turns
  7956 | D:8      | HP: 3/77 [hornet (3)]
  7956 | D:8      | Slain by an orc warrior

Illustrated notes

Levels and vault maps discovered:
D:1:      spicycebolla_arrival_risky_transporter, layout_basic, serial_shops,
          nicolae_shop_rolled_up, amcnicky_mini_corridor_feature,
          minmay_tree_intersection
D:2:      layout_basic, hex_large, serial_bayou_pond_c, serial_bayou_lagoon_a,
          minmay_pentomino_q4, uniq_jessica
D:3:      lemuel_castle_with_subvaults [lemuel_castle_interior_carwin_2],
          layout_loops_ring, ashenzari_conservatory_becter,
          nicolae_overflow_squiral,
          dreamdust_ecumenical_altar_angels_and_demons,
          ebering_dispersal_statue_hall, uniq_natasha, uniq_sigmund
D:4:      kennysheep_kobold_camp, layout_basic
D:5:      layout_loops_corners, uniq_pikel
D:6:      layout_basic, lemuel_mausoleum_altar_kikubaaqudgha,
          dk_yredelemnul_ordeal, minmay_temple_entry_waves,
          minmay_fractal_squares_5
D:7:      gammafunk_beogh_shrine, layout_basic
D:8:      minmay_imperfect_grid, layout_basic, nicolae_hepliaklqana_hazy_memory,
          item_on_display_a
Temple:   hellmonk_temple_divided_pantheon

Skill      XL: |  1  2  3  4  5  6  7  8  9 10 |
---------------+-------------------------------+-----
Axes           | 3 4 5 6 7 9 11 14 16 17 | 17.0
Invocations    | 4 5 |  5.3
Fighting       | |  3.6
Armour         | |  3.6
Shields        | |  3.6

Action                     |  1- 3 |  4- 6 |  7- 9 | 10-12 || total
---------------------------+-------+-------+-------+-------++-------
  Melee: War axe           |    42 |    98 |   111 |    90 ||   341
         Headbutt          |     6 |    12 |    57 |    13 ||    88
         Hand axe          |       |       |   219 |       ||   219
  Evoke: Wand              |       |       |     1 |     1 ||     2
    Use: Potion            |       |     1 |     4 |     3 ||     8
         Scroll            |       |       |    10 |     2 ||    12
 Armour: Scale mail        |    13 |       |       |       ||    13
         Chain mail        |    10 |    71 |   143 |       ||   224
         Plate armour      |       |       |    30 |    71 ||   101
  Dodge: Dodged            |    21 |    44 |   103 |    26 ||   194
  Block: Buckler           |    10 |    21 |    64 |    25 ||   120

Table legend: (Time is in decaauts)
 A = Elapsed time spent in this place.
 B = Non-inter-level travel time spent in this place.
 C = Inter-level travel time spent in this place.
 D = Time resting spent in this place.
 E = Time spent auto-exploring this place.
 F = Levels seen in this place.
 G = Mean time per level.
                   A        B        C        D        E       F      G
               +--------+--------+--------+--------+--------+-----+--------+
         Total |   8055 |   7868 |    187 |    317 |   4994 |   9 |  895.0 |
       Dungeon |   8009 |   7822 |    187 |    317 |   4994 |   8 | 1001.1 |
        Temple |     46 |     46 |      0 |      0 |      0 |   1 |   46.0 |
               +--------+--------+--------+--------+--------+-----+--------+

Top non-repeatable levels by time:
     D:3: 1548 daAuts
     D:5: 1362 daAuts
     D:4: 1083 daAuts
     D:6: 1067 daAuts
     D:2: 820 daAuts
     D:8: 785 daAuts
     D:1: 711 daAuts
     D:7: 631 daAuts
  Temple: 46 daAuts
